 Dungeon Crawl Stone Soup version 0.32-a0-975-g85d4e5bfdb (webtiles) character file.

Game seed: 283370426717459106

30 kae the Changeling (level 3, 0/16 HPs)
             Began as a Demonspawn Shapeshifter on Apr 18, 2024.
             Slain by a frilled lizard (3 damage)
             ... on level 1 of the Dungeon.
             The game lasted 00:00:38 (1033 turns).

kae the Changeling (Demonspawn Shapeshifter)        Turns: 1033, Time: 00:00:39

Health: 0/16       AC:  0    Str: 14    XL:     3   Next: 3%
Magic:  3/3        EV: 15    Int: 10    God:
Gold:   71         SH:  0    Dex: 14    Spells: 2/2 levels left

rFire   . .          .
                       - Unarmed
rCold   . . .        (shield currently unavailable)
rNeg    . . .        a - melded +0 animal skin
rPois   .            (no helmet)
rElec   .            (no cloak)
rCorr   .            (no gloves)
SInv    .            (no boots)
Will    .....        (no amulet)
Stlth   +            (no ring)
HPRegen 0.22/turn    (no ring)
MPRegen 0.08/turn

%: no passive effects
@: flux-form, glowing
A: glow, contaminating, reduced hp, demonic touch 1
a: Begin Untransformation


You were on level 1 of the Dungeon.
You were something dangerously unstable.
You visited 1 branch of the dungeon, and saw 2 of its levels.

You collected 71 gold pieces.


Innate Abilities, Weirdness & Mutations

You are something dangerously unstable.
You glow with magical radiation, making you easy to see and hit.
Foes you strike become dangerously contaminated with magical radiation.
Your maximum health is decreased, since you lack skill for your form.
You are incapable of wielding weapons or throwing items.
Your touch may inflict minor irresistible damage on your foes.


   Skills:
 - Level 1.0 Fighting
 - Level 1.7 Dodging
 + Level 3.1 Unarmed Combat
 * Level 3.3 Shapeshifting


You had 2 spell levels left.
You didn't know any spells.
Your spell library was empty.

Inventory:

Missiles
 f - 14 stones (quivered)
 j - 6 poisoned darts
Armour
 a - a +0 animal skin (melded)
Magical Staves
 l - a staff of conjuration {!a}
   (You found it on level 1 of the Dungeon)
Talismans
 c - a beast talisman
 d - a flux talisman (active)
Scrolls
 g - a scroll of identify {unknown}
 i - 2 scrolls of teleportation {unknown}
 k - a scroll of immolation {unknown}
Potions
 b - a potion of lignification {!q}
 e - 4 potions of enlightenment {unknown}
 h - a potion of brilliance {unknown}
 m - 2 potions of degeneration {unknown}

Dungeon Overview and Level Annotations

Branches:
Dungeon (2/15) Zot: 10968

Altars:

### ### ###
#.#############.#####.#
#.......#.....#.......#
#.####.##.###.#.#####.#
#.# #......#.#.# #.# #.#
###...[#.#.# #.### #.#
#....#.#######....
#.######.l...............
#.......p......##########
#####.##.l.....##########
####.##.......##........
#................#######
#.##########............
#.#........#.....#######
#.#.....##.#.##..# #
#.#.....#.>#..#..#######
#.#..##.#.##..#.........


You could see 2 frilled lizards.


Message History

You hit the frilled lizard.
You kill the frilled lizard!
Found an escape hatch in the floor.
No target in view!
No target in view!
Found a stone staircase leading down.
No target in view!
No target in view!
A bat comes into view.
Found a stone staircase leading down.
A bat is nearby!
There is a stone staircase leading down here.
You hit the bat.
You kill the bat!
You have reached level 3!
Your experience leads to an increase in your attributes!
Increase (S)trength, (I)ntelligence, or (D)exterity?
You feel agile. x2 😎 HP[+5] MP[+1]
You now have 26 max hp (+5).
Your hp is fully restored (26).
Your mp is fully restored (3).
Your library has no spells.
You begin transforming.
You continue transforming. x3
Your transformation has ended.
You turn into something dangerously unstable.
Your +0 animal skin melds into your body. 😎 HP[-10]
You now have 16 max hp (-10).
Found a stone staircase leading up.
No target in view!
No target in view!
A frilled lizard comes into view.
The frilled lizard hisses angrily.
You hear an angry hiss.
A frilled lizard comes into view. 3 frilled lizards come into view.
The frilled lizard hisses angrily. x3
A frilled lizard comes into view. x2
The frilled lizard hisses angrily.
You see here 14 gold pieces.
There are monsters nearby!
There are monsters nearby!
The frilled lizard barely misses you.
You hit the frilled lizard.
The frilled lizard begins to glow.
There are monsters nearby!
You hit the frilled lizard.
You kill the frilled lizard!
The frilled lizard barely misses you. The frilled lizard bites you.
You hit the frilled lizard.
The frilled lizard begins to glow.
The frilled lizard misses you. The frilled lizard closely misses you.
The frilled lizard barely misses you. The frilled lizard misses you.
The frilled lizard barely misses you. 😕 HP[-1]
You take 1 damage, and now have 15/16 hp.
Unknown command.
The frilled lizard attacks as it pursues you!
The frilled lizard bites you. The frilled lizard misses you.
You see here 14 gold pieces. 😕 HP[-2]
You take 2 damage, and now have 13/16 hp.
You hit the frilled lizard.
You kill the frilled lizard!
The frilled lizard completely misses you.
The frilled lizard barely misses you.
The frilled lizard hisses.
The frilled lizard misses you. 😕 HP[+1]
The frilled lizard barely misses you. The frilled lizard closely misses you.
A kobold comes into view. It is wielding a +0 short sword.
The frilled lizard stops glowing.
The frilled lizard bites you. 😮 HP[-2]
You take 2 damage, and now have 12/16 hp.
The frilled lizard attacks as it pursues you!
The frilled lizard bites you. 😮 HP[-3]
You take 3 damage, and now have 9/16 hp.
There is a stone staircase leading up here. 😮 HP[+1]
The frilled lizard closely misses you. The frilled lizard bites you.
* * * LOW HITPOINT WARNING * * *
You climb upwards.
There is a stone staircase leading down here.
Unknown command. 😨 HP[-2]
You take 2 damage, and now have 8/16 hp.
You hit the frilled lizard but do no damage.
The frilled lizard begins to glow.
The frilled lizard bites you.
* * * LOW HITPOINT WARNING * * *
The frilled lizard bites you.
* * * LOW HITPOINT WARNING * * *
😨 HP[-2]
You take 2 damage, and now have 6/16 hp.
You completely miss the frilled lizard. Your touch misses the frilled lizard.
The frilled lizard bites you.
* * * LOW HITPOINT WARNING * * *
The frilled lizard misses you.
You closely miss the frilled lizard. Your touch misses the frilled lizard.
The frilled lizard bites you.
* * * LOW HITPOINT WARNING * * *
The frilled lizard bites you.
You die...

Skill      XL: |  1  2 |
---------------+-------+-----
Shapeshifting  | 3 |  3.3
Unarmed Combat | 3 |  3.1
Fighting       | |  1.0
Dodging        | |  1.7

Action                     || total
---------------------------++-------
  Melee: Unarmed           ||    61
         Punch             ||     4
         Touch             ||     3
   Stab: Sleeping          ||     1
 Armour: Animal skin       ||    18
         Skin              ||    10
  Dodge: Dodged            ||    50
   Form: Flux              ||     1

Levels and vault maps discovered:
D:1:      ebering_trefoil_twist, layout_basic
D:2:      layout_rooms, hellmonk_ecumenical_altar_slurped_away, serial_shops,
          nicolae_shop_stone, minmay_lizard_pond

Notes
Turn   | Place    | Note
-------+----------+-------------------------------------------
     0 | D:1      | kae the Demonspawn Shapeshifter began the quest for the
                  | Orb.
     0 | D:1      | Reached XP level 1. HP: 15/15 MP: 1/1
     0 | D:1      | magus.rc [v1.11.3]
    61 | D:1      | Reached skill level 3 in Shapeshifting
    98 | D:1      | Gained mutation: Your touch may inflict minor irresistible
                  | damage on your foes. [demonic ancestry]
    98 | D:1      | Reached XP level 2. HP: 17/21 MP: 2/2
   706 | D:1      | Reached skill level 3 in Unarmed Combat
  1007 | D:2      | Reached XP level 3. HP: 26/26 MP: 3/3
  1033 | D:1      | HP: 3/16 [frilled lizard (3)]
  1033 | D:1      | Slain by a frilled lizard

Vanquished Creatures
  A ribbon worm (D:2)
  A ball python (D:2)
  5 bats
  2 endoplasms (D:1)
  A giant cockroach (D:1)
  2 goblins (D:1)
  2 hobgoblins (D:1)
  2 jackals (D:2)
  A quokka (D:1)
  4 frilled lizards
  A kobold (D:1)
  5 rats
27 creatures vanquished.

Table legend:
 A = Non-vault XP
 B = Vault XP
 C = Vault XP percentage of total XP
 D = Non-vault monster count
 E = Vault monster count
 F = Vault count percentage of total count
                 A         B        C        D         E       F
            +---------+---------+-------+---------+---------+-------
      Total |      41 |       2 |   4.7 |      25 |       2 |   7.4
            +---------+---------+-------+---------+---------+-------
        D:1 |      25 |       0 |   0.0 |      16 |       0 |   0.0
        D:2 |      16 |       2 |  11.1 |       9 |       2 |  18.2
            +---------+---------+-------+---------+---------+-------

Skill      XL: |  1  2 |
---------------+-------+-----
Shapeshifting  | 3 |  3.3
Unarmed Combat | 3 |  3.1
Fighting       | |  1.0
Dodging        | |  1.7

Action                     || total
---------------------------++-------
  Melee: Unarmed           ||    61
         Punch             ||     4
         Touch             ||     3
   Stab: Sleeping          ||     1
 Armour: Animal skin       ||    18
         Skin              ||    10
  Dodge: Dodged            ||    50
   Form: Flux              ||     1

Illustrated notes

Table legend:
 A = Kills in this place as a percentage of kills in the entire game.
 B = Kills by you in this place as a percentage of kills by you in the entire game.
 C = Kills by friends in this place as a percentage of kills by friends in the entire game.
 D = Other kills in this place as a percentage of other kills in the entire game.
 E = Experience gained in this place as a percentage of experience gained in the entire game.
 F = Experience gained in this place divided by the number of levels of this place that you have seen.
                   A       B       C       D       E      F
               +-------+-------+-------+-------+-------+----------------------
         Total | 100.0 | 100.0 |   N/A |   N/A | 100.0 |  21.5
       Dungeon | 100.0 | 100.0 |   N/A |   N/A | 100.0 |  21.5
               +-------+-------+-------+-------+-------+----------------------

Table legend: (Time is in decaauts)
 A = Elapsed time spent in this place.
 B = Non-inter-level travel time spent in this place.
 C = Inter-level travel time spent in this place.
 D = Time resting spent in this place.
 E = Time spent auto-exploring this place.
 F = Levels seen in this place.
 G = Mean time per level.
                   A        B        C        D        E       F      G
               +--------+--------+--------+--------+--------+-----+--------+
         Total |   1030 |    991 |     39 |      0 |    834 |   2 |  515.0 |
       Dungeon |   1030 |    991 |     39 |      0 |    834 |   2 |  515.0 |
               +--------+--------+--------+--------+--------+-----+--------+

Top non-repeatable levels by time:
     D:1: 877 daAuts
     D:2: 153 daAuts
